 Seeded DCSS version 0.27-a0-95-g5a9077b8ae (webtiles) character file.

Game seed: 5125158891462947277 (custom seed)

64 tacoguy the Covered (level 3, -4/33 HPs)
             Began as a Minotaur Fighter on Jan 18, 2021.
             Killed from afar by an orc wizard (9 damage)
             ... with a puff of frost
             ... on level 3 of the Dungeon.
             The game lasted 00:03:27 (1401 turns).

tacoguy the Covered (Minotaur Fighter)              Turns: 1401, Time: 00:03:28

Health: -4/33      AC:  7    Str: 21    XL:     3   Next: 91%
Magic:  2/2        EV:  8    Int:  5    God:
Gold:   235        SH:  9    Dex:  9    Spells: 2/2 levels left

rFire    . . .     SeeInvis .   a - +0 war axe
rCold    . . .     Faith    .   c - +0 kite shield
rNeg     . . .     Spirit   .   b - +0 scale mail
rPois    .         Reflect  .   (helmet restricted)
rElec    .         Harm     .   (no cloak)
rCorr    .         Rampage  .   (no gloves)
Will     .....                  (no boots)
Stlth    ..........             (no amulet)
HPRegen  0.11/turn              (no ring)
MPRegen  0.08/turn              (no ring)

@: no status effects
A: retaliatory headbutt, horns 2
a: no special abilities


You were on level 3 of the Dungeon.
You visited 1 branch of the dungeon, and saw 3 of its levels.

You collected 235 gold pieces.

Inventory:

Hand Weapons
 a - a +0 war axe (weapon)
Armour
 b - a +0 scale mail (worn)
 c - a +0 kite shield (worn)
Scrolls
 e - a scroll of magic mapping {unknown}
 f - 2 scrolls of remove curse {unknown}
 g - a scroll of random uselessness {unknown}
 h - a scroll of enchant armour {unknown}
 i - 2 scrolls of identify {unknown}
Potions
 d - a potion of might
 j - a potion of mutation {unknown}
 k - a potion of haste {unknown}
 l - a potion of berserk rage {unknown}


   Skills:
 + Level 4.2 Fighting
 + Level 3.1 Axes
 + Level 4.2 Armour
 + Level 1.1 Dodging
 + Level 4.2 Shields


You had 2 spell levels left.
You didn't know any spells.
Your spell library was empty.

Dungeon Overview and Level Annotations

Branches:
Dungeon (3/15)

Altars:
Vehumet


Innate Abilities, Weirdness & Mutations

You reflexively headbutt those who attack you in melee.
You have a pair of horns on your head.


Message History

You closely miss the orc. Your headbutt misses the orc.
The orc is lightly wounded.
You barely miss something. Something hits you but does no damage.
You block the orc's attack.
You hear some strange, mumbled words.
A puff of flame appears from out of thin air!
The puff of flame hits you!
* * * LOW HITPOINT WARNING * * *
The orc closely misses you.
A magic dart appears from out of thin air!
The magic dart hits you.
* * * LOW HITPOINT WARNING * * *
You block the orc's attack.
The orc wizard mumbles some strange words.
The orc wizard blinks!
The orc hits you but does no damage.
You hear some strange, mumbled words.
A puff of frost appears from out of thin air!
The puff of frost hits you!
You die...

#...##.#.....#.#
......##.#.....#.###
.............†......#
..#####.............#.#####
...........................
..........##.....##.#......
..........##.....##.#......
..........##.....#.†.......
.........)......@...#......
..........###.{#o#..#....<.
.........## #....#..#......
..#####.#####o.#.#.##.....)
............o....#.##.#....
!†###.#######.[###.##.#....
.. ........##..# #.##.#
...............###.##.#
........##.###........#


You could see an orc.

Vanquished Creatures
  2 adders (D:2)
  2 leopard geckos (D:1)
  An orc (D:3)
  2 giant cockroaches
  8 goblins
  6 hobgoblins
  7 kobolds
  2 quokkas
  A ball python (D:3)
  3 bats
  4 frilled lizards
  2 rats
40 creatures vanquished.

Vanquished Creatures (others)
  2 fungi (D:1)
  5 toadstools (D:1)
7 creatures vanquished.

Grand Total: 47 creatures vanquished

Notes
Turn   | Place    | Note
-------+----------+-------------------------------------------
     0 | D:1      | tacoguy the Minotaur Fighter began the quest for the Orb.
     0 | D:1      | Reached XP level 1. HP: 19/19 MP: 0/0
   349 | D:1      | Reached XP level 2. HP: 27/27 MP: 1/1
   646 | D:2      | Noticed an ogre
   661 | D:2      | Reached XP level 3. HP: 28/33 MP: 2/2
  1004 | D:2      | Found a faded altar of an unknown god.
  1171 | D:2      | Reached skill level 1 in Dodging
  1250 | D:3      | Found a radiant altar of Vehumet.
  1401 | D:3      | Killed from afar by an orc wizard

Illustrated notes

Levels and vault maps discovered:
D:1:      dpeg_arrival_pits, layout_rooms, minmay_misc_feat_secret_circle,
          minmay_gold_behind_fungi, minmay_surrounded
D:2:      layout_basic, chequers_ecumenical_altar_island, lightli_corner_chamber
D:3:      layout_basic, zin_academy, vehumet_crystals, bh_walls_and_bars

Skill      XL: |  1  2  3 |
---------------+----------+-----
Fighting       | 4 |  4.2
Shields        | 4 |  4.2
Armour         | 4 |  4.2
Dodging        | 1 |  1.1
Axes           | 3 |  3.1

Action                   || total
-------------------------++-------
Melee: War axe           ||    98
       Headbutt          ||     8
Armor: Scale mail        ||    46
Dodge: Dodged            ||    46
Block: Kite shield       ||    74

Table legend: (Time is in decaauts)
 A = Elapsed time spent in this place.
 B = Non-inter-level travel time spent in this place.
 C = Inter-level travel time spent in this place.
 D = Time resting spent in this place.
 E = Time spent auto-exploring this place.
 F = Levels seen in this place.
 G = Mean time per level.
                   A        B        C        D        E       F      G
               +--------+--------+--------+--------+--------+-----+--------+
         Total |   1445 |   1381 |     64 |    106 |    979 |   3 |  481.7 |
       Dungeon |   1445 |   1381 |     64 |    106 |    979 |   3 |  481.7 |
               +--------+--------+--------+--------+--------+-----+--------+

Top non-repeatable levels by time:
     D:2: 701 daAuts
     D:1: 516 daAuts
     D:3: 227 daAuts
